Map: Frozen Temple

Players

Miszu - Winner!

  • Race: Terran Terran
  • League: Master

RotterdaM

  • Race: Protoss Protoss
  • League: Master

VOD

Have the link to the VOD?

Description

Time

  • Played on: April 1, 2016, 3:28 p.m.
  • Length: 11:00
Show
View Real Time Build Order
Export as new Build Order

Miszu Terran - Winner!

Build Orders: Reaper Expand, Mech 

Get SALT Encoding   

  12  0:00  SCV  
  13  0:13  SCV  
  14  0:19  Supply Depot  
  14  0:25  SCV  
  15  0:41  SCV  
  16  0:45  Barracks  
  16  0:48  Refinery  
  16  0:53  SCV  
  17  1:05  SCV  
  18  1:17  SCV  
  19  1:31  Orbital Command  
  19  1:33  Reaper  
  20  1:41  Command Center  
  20  1:52  Supply Depot  
  20  1:57  SCV  
  20  1:59  Refinery  
  21  2:06  Marine  
  22  2:09  SCV  
  22  2:13  Factory  
  23  2:22  SCV  
  24  2:39  SCV  
  24  2:41  Barracks Reactor  
  25  2:50  Factory  
  25  2:52  Supply Depot  
  25  2:54  SCV  
  25  2:56  Orbital Command  
  26  3:08  SCV  
  27  3:12  Factory  
  26  3:21  SCV x2  
  26  3:24  Hellion  
  26  3:25  Hellion  
  32  3:33  SCV x2  
  34  3:36  Barracks Reactor  
  34  3:38  Hellion  
  36  3:45  SCV  
  36  3:46  Hellion x2  
  38  3:59  SCV x2  
  38  4:00  Hellion  
  44  4:07  Hellion  
  44  4:09  Supply Depot  
  44  4:11  SCV  
  44  4:12  Hellion, SCV  
  48  4:23  SCV  
  51  4:29  Hellion  
  51  4:31  SCV  
  50  4:33  Hellion  
  50  4:36  Hellion x2, Factory Tech Lab  
  54  4:38  SCV  
  54  4:43  SCV  
  56  4:50  Hellion, SCV  
  56  4:52  Supply Depot  
  59  4:55  Hellion, SCV  
  62  5:01  Supply Depot  
  70  5:14  Hellion x3, SCV x2  
  70  5:15  Supply Depot  
  70  5:23  Hellion x2  
  70  5:26  SCV  
  70  5:28  Engineering Bay  
  75  5:29  SCV  
  78  5:36  Hellion  
  78  5:37  Hellion x2  
  78  5:38  SCV  
  78  5:39  Supply Depot  
  78  5:42  Supply Depot  
  81  5:52  Hellion x2  
  86  6:01  Hellion x3  
  87  6:13  Hellion  
  87  6:14  Hellion  
  85  6:22  Hellion x3  
  82  6:35  Hellion x2  
  80  6:42  SCV x2  
  80  6:44  Hellion x3  
  84  6:54  SCV x2  
  83  6:56  Hellion x2  
  78  7:05  Hellion x2, Command Center  
  76  7:11  Hellion  
  76  7:13  SCV  
  73  7:18  Hellion x2, Armory  
  75  7:27  Hellion, SCV x2  
  79  7:32  Hellion, Siege Tank  
  79  7:33  Armory  
  82  7:39  SCV x2  
  82  7:41  Supply Depot  
  82  7:42  Supply Depot  
  84  7:46  Hellion x2  
  84  7:50  Hellion  
  84  7:51  SCV x2  
  91  7:54  Hellion  
  94  7:59  Refinery  
  94  8:03  Refinery, SCV x2  
  94  8:04  Siege Tank  
  99  8:08  Supply Depot  
  99  8:15  SCV x2, Terran Vehicle Weapons Level 1  
  101  8:27  SCV  
  101  8:28  SCV  
  89  8:39  SCV  
  89  8:40  Hellion  
  89  8:41  Hellion x3  
  96  8:47  Siege Tank  
  96  8:48  SCV, Orbital Command  
  96  8:51  SCV  
  97  9:00  SCV  
  97  9:02  Hellion x4  
  102  9:03  SCV  
  102  9:04  Factory  
  102  9:05  Factory  
  101  9:12  SCV  
  101  9:15  SCV  
  92  9:19  Siege Tank  
  92  9:21  SCV  
  92  9:23  Hellion x2  
  99  9:24  SCV  
  99  9:25  Hellion x2  
  99  9:28  SCV  
  104  9:33  SCV  
  103  9:39  Infernal Pre-Igniter  
  103  9:45  Refinery  
  103  9:46  Hellion x2  
  103  9:47  Refinery  
  103  9:48  Hellion  
  103  9:51  Siege Tank  
  112  9:54  Factory Tech Lab  
  112  9:55  Factory Tech Lab  
  112  9:56  Hellion  
  112  9:58  SCV  
  112  9:59  SCV  
  116  10:01  Missile Turret  
  116  10:08  Hellion  
  116  10:09  Hellion  
  118  10:22  Hellion  
  118  10:23  Hellion, Siege Tank  
  119  10:29  Hellion  
Show
View Real Time Build Order
Export as new Build Order

RotterdaM Protoss 

Build Orders: 1 Gate Expand, Double Forge, Blink Stalkers 

Get SALT Encoding   

  12  0:01  Probe (Chrono Boost)  
  13  0:11  Probe (Chrono Boost)  
  14  0:19  Pylon  
  14  0:22  Probe (Chrono Boost)  
  15  0:37  Probe (Chrono Boost)  
  15  0:39  Gateway  
  16  0:45  Assimilator  
  16  0:47  Probe (Chrono Boost)  
  17  0:58  Probe (Chrono Boost)  
  18  1:08  Probe (Chrono Boost)  
  19  1:19  Probe (Chrono Boost)  
  20  1:26  Cybernetics Core  
  20  1:34  Nexus  
  20  1:36  Probe (Chrono Boost)  
  21  1:43  Pylon  
  21  1:47  Probe (Chrono Boost)  
  21  1:52  Assimilator  
  22  1:57  Probe (Chrono Boost)  
  23  2:02  Stalker (Chrono Boost)  
  23  2:05  Warp Gate  
  25  2:09  Probe  
  26  2:19  Pylon  
  26  2:21  Probe (Chrono Boost)  
  27  2:33  Probe (Chrono Boost)  
  27  2:35  Stalker  
  32  2:44  Mothership Core (Chrono Boost)  
  32  2:47  Probe (Chrono Boost)  
  33  2:53  Twilight Council  
  33  2:57  Probe (Chrono Boost)  
  34  3:02  Probe (Chrono Boost)  
  35  3:08  Probe (Chrono Boost)  
  36  3:13  Probe (Chrono Boost)  
  36  3:18  Probe (Chrono Boost)  
  38  3:23  Probe (Chrono Boost)  
  38  3:25  Gateway  
  38  3:26  Gateway, Blink (Chrono Boost)  
  39  3:28  Probe (Chrono Boost)  
  40  3:34  Probe  
  40  3:36  Assimilator  
  40  3:38  Probe  
  42  3:46  Probe  
  43  3:53  Probe  
  43  3:55  Pylon  
  44  4:00  Robotics Facility  
  44  4:01  Pylon  
  44  4:04  Pylon  
  44  4:06  Probe  
  44  4:08  Probe  
  46  4:12  Stalker  
  48  4:20  Probe  
  46  4:27  Probe  
  46  4:32  Probe  
  46  4:34  Forge  
  46  4:36  Forge  
  46  4:38  Probe  
  47  4:42  Stalker  
  47  4:44  Probe  
  51  4:47  Observer (Chrono Boost)  
  51  4:50  Probe  
  51  4:51  Stalker  
  55  4:56  Probe  
  56  5:02  Probe  
  56  5:06  Observer (Chrono Boost)  
  58  5:07  Sentry  
  58  5:08  Probe  
  58  5:10  Protoss Ground Weapons Level 1 (Chrono Boost), Protoss Ground Armor Level 1 (Chrono Boost)  
  61  5:14  Probe  
  61  5:20  Probe  
  63  5:26  Probe  
  64  5:30  Pylon  
  64  5:31  Observer  
  64  5:33  Nexus, Probe  
  64  5:34  Pylon  
  66  5:38  Zealot  
  66  5:39  Zealot x2  
  66  5:41  Probe  
  72  5:45  Probe  
  72  5:47  Charge  
  73  5:53  Probe  
  74  5:57  Probe  
  74  6:02  Gateway  
  75  6:06  Probe  
  75  6:08  Stalker x3  
  69  6:22  Immortal, Probe  
  64  6:27  Probe  
  58  6:35  Stalker x2, Probe  
  58  6:38  Stalker  
  58  6:39  Probe  
  64  6:47  Probe  
  58  6:48  Probe  
  58  6:52  Probe  
  53  6:58  Probe  
  53  6:59  Probe  
  53  7:01  Stalker x2  
  50  7:04  Probe  
  50  7:09  Probe  
  50  7:11  Probe  
  50  7:13  Stalker  
  51  7:16  Probe  
  51  7:19  Probe  
  53  7:23  Probe  
  53  7:28  Probe  
  55  7:30  Probe  
  55  7:31  Stalker  
  55  7:35  Probe  
  59  7:40  Probe  
  59  7:42  Stalker x2  
  59  7:43  Probe  
  64  7:47  Probe  
  64  7:51  Pylon  
  66  7:52  Probe  
  66  7:53  Probe  
  66  7:58  Stalker  
  70  8:06  Stalker x2  
  74  8:13  Stalker  
  76  8:33  Probe x2  
  72  8:36  Stalker x2  
  72  8:37  Stalker x2  
  78  8:41  Probe  
  78  8:45  Probe x2  
  81  8:52  Probe  
  78  8:59  Probe  
  79  9:05  Warp Prism, Probe  
  72  9:19  Stalker, Probe  
  72  9:20  Stalker x3  
  81  9:27  Gateway  
  81  9:30  Gateway, Probe  
  82  9:32  Gateway  
  82  9:33  Gateway  
  78  9:49  Probe  
  79  10:01  Probe  
  79  10:03  Nexus  
  79  10:05  Pylon  
  80  10:07  Pylon  
  80  10:09  Zealot  
  80  10:10  Zealot x3  
  58  10:31  Stalker x2  
  58  10:32  Stalker  
  58  10:33  Zealot x3  
  58  10:34  Zealot  
Tags
 
Add a new tag
Caveats
  • Supply blocks, unpowered buildings, or Contaminate may cause inaccurate times.
  • Supply counts are checked every 10 seconds.